 Dungeon Crawl Stone Soup version 0.21.1-1-g345015f (webtiles) character file.

783965 theElss the Gargoyle Barricade (level 27, -2/199 HPs)
             Began as a Gargoyle Berserker on Feb 7, 2018.
             Was a Priest of the Shining One.
             Slain by an iron troll (16 damage)
             ... created by the rage of Trog
             ... on level 1 of the Tomb of the Ancients on Feb 8, 2018.
             The game lasted 07:28:20 (98550 turns).

theElss the Gargoyle Barricade (GrBe)              Turns: 98550, Time: 07:28:21

Health: -2/199     AC: 59    Str: 37      XL:     27
Magic:  9/9        EV: 11    Int:  9 (11) God:    the Shining One [***...]
Gold:   6323       SH: 34    Dex:  9 (11) Spells: 26/26 levels left

rFire    + + +     SeeInvis +   a - +5 eveningstar (antimagic)
rCold    + + .     Gourm    .   B - +2 large shield {rPois}
rNeg     + + +     Faith    .   n - +8 gold dragon scales of Jaxussicw {rPois rF+ rC+ rCorr Int+5 Slay+3}
rPois    ∞         Spirit   .   p - +0 helmet {SInv}
rElec    +         Reflect  +   U - scarf {repulsion}
rCorr    +         Harm     .   V - +1 pair of gloves {Dex+3}
MR       +++++                  W - +0 pair of boots "Sajuzieh" {rC+ rN+}
Stlth    ..........             P - amulet "Irroerr" {Reflect MR+ SH+3 Stlth+}
HPRegen  0.00/turn              w - ring "Vonwunon" {rF+ rN++ MR++ Stlth+}
MPRegen  0.11/turn              E - ring of Zaok {+Blink +Inv rF+ Str+8 Dex-4}

@: about to teleport, flying, glowing, studying 2 skills, repel missiles
A: big wings, clumsy 1, dopey 2, low mp 2, negative energy resistance 1,
electricity resistance, inhibited regeneration, strong 1, unbreathing,
petrification resistance, no potion heal 1, rot immunity, subdued magic 1,
MP-powered wands, AC +20
}: 4/15 runes: decaying, slimy, silver, gossamer
a: Stop Flying, Divine Shield, Renounce Religion, Evoke Blink, Evoke
Invisibility


You were on level 1 of the Tomb of the Ancients.
You worshipped the Shining One.
The Shining One was most pleased with you.
You were not hungry.

You visited 13 branches of the dungeon, and saw 59 of its levels.
You visited the Abyss 1 time.
You visited 2 bazaars.
You also visited: Labyrinth, Trove, Sewer, Ossuary and Ice Cave.

You collected 8957 gold pieces.
You spent 2634 gold pieces at shops.

Inventory:

Hand Weapons
 a - a +5 antimagic eveningstar (weapon)
 b - a +6 hand crossbow of freezing
 F - the +8 whip "Snakebite" {curare, rPois}
   (You found it on level 4 of the Lair of Beasts)

   It poisons the flesh of those it strikes.
   It protects you from poison.
Missiles
 h - 2349 bolts
Armour
 n - the +8 gold dragon scales of Jaxussicw (worn) {rPois rF+ rC+ rCorr Int+5 Slay+3}
   (You took it off a deep elf high priest on level 5 of the Vaults)

   It affects your intelligence (+5).
   It affects your accuracy and damage with ranged weapons and melee attacks
   (+3).
   It protects you from fire.
   It protects you from cold.
   It protects you from poison.
   It protects you from acid and corrosion.
 p - a +0 helmet of see invisible (worn)
 B - a +2 large shield of poison resistance (worn)
 N - a +2 cloak of magic resistance
 U - a scarf of repulsion (worn)
 V - a +1 pair of gloves of dexterity (worn)
 W - the +0 pair of boots "Sajuzieh" (worn) {rC+ rN+}
   (You found it on level 3 of the Elven Halls)

   It protects you from cold.
   It protects you from negative energy.
Jewellery
 w - the ring "Vonwunon" (left hand) {rF+ rN++ MR++ Stlth+}
   (You found it on level 3 of the Vaults)

   [ring of protection from fire]

   It protects you from fire.
   It greatly protects you from negative energy.
   It affects your resistance to hostile enchantments.
   It makes you more stealthy.
 E - the ring of Zaok (right hand) {+Blink +Inv rF+ Str+8 Dex-4}
   (You found it on level 5 of the Dungeon)

   [ring of protection from fire]

   It affects your strength (+8).
   It affects your dexterity (-4).
   It protects you from fire.
   It lets you turn invisible.
   It lets you blink.
 H - an uncursed amulet of magic regeneration {unknown}
 P - the amulet "Irroerr" (around neck) {Reflect MR+ SH+3 Stlth+}
   (You took it off a deep elf death mage on level 3 of the Elven Halls)

   [amulet of reflection]

   It shields you and reflects attacks.
   It affects your resistance to hostile enchantments.
   It affects your SH (+3).
   It makes you more stealthy.
Wands
 q - a wand of disintegration (14)
 u - a wand of clouds (15)
 v - a wand of enslavement (18)
 X - a wand of digging (66)
Scrolls
 e - 7 scrolls of magic mapping
 f - 29 scrolls of teleportation
 o - a scroll of silence
 r - 5 scrolls of enchant armour
 s - 8 scrolls of blinking
 t - 10 scrolls of fog
 x - 2 scrolls of holy word
 y - 29 scrolls of identify
 z - 31 scrolls of remove curse
 K - 6 scrolls of fear
 R - a scroll of summoning
 T - 2 scrolls of acquirement
 Z - a scroll of enchant weapon
Potions
 d - 21 potions of curing
 i - 3 potions of berserk rage
 l - 13 potions of brilliance
 m - 2 potions of agility
 A - 2 potions of resistance
 C - 10 potions of haste
 D - 4 potions of heal wounds
 I - a potion of cancellation
 L - 8 potions of magic
Books
 G - a manual of Crossbows
 O - a manual of Stealth
Miscellaneous
 g - a phial of floods
 j - 5 phantom mirrors
 k - a lamp of fire
 J - a lamp of fire
 M - a lamp of fire
 Q - a fan of gales
 S - a lamp of fire
 Y - 4 sacks of spiders
Comestibles
 c - 53 rations


   Skills:
 O Level 27 Fighting
 + Level 26.9 Maces & Flails
 + Level 10.0 Crossbows
 + Level 21.1 Armour
 - Level 6.4 Dodging
 O Level 27 Shields
 - Level 18.0 Evocations


You had 26 spell levels left.
You didn't know any spells.

Dungeon Overview and Level Annotations

Branches:
Dungeon (15/15)            Temple (1/1) D:7            Lair (6/6) D:8
  Swamp (4/4) Lair:3       Spider (4/4) Lair:3        Slime (5/5) Lair:6
    Orc (2/2) D:10            Elf (3/3) Orc:2        Vaults (5/5) D:13
  Crypt (3/3) Vaults:3       Tomb (1/3) Crypt:3      Depths (5/5) D:15
    Zot (5/5) Depths:5

Altars:
Ashenzari
Cheibriados
Dithmenos
Elyvilon
Fedhas
Gozag
Hepliaklqana
Kikubaaqudgha
Makhleb
Nemelex Xobeh
Okawaru
Qazlal
Ru
Trog
Uskayaw
Vehumet
Wu Jian
Xom
Yredelemnul
Zin
The Shining One
Jiyva

Shops:
D:4 }   D:15 =   Orc:1 *[[   Orc:2 %*(*   Elf:1 %   Vaults:4 [   Depths:1 ?
Depths:3 (

Portals:
Hell: Depths:1 Depths:2 Depths:3 Depths:4 Depths:5
Abyss: Depths:3 Depths:4
Pandemonium: Depths:2 Depths:3
Ziggurat: Depths:2

Annotations:
D:5 exclusion: orc wizard
Crypt:3 Jory


Innate Abilities, Weirdness & Mutations

You are resistant to torment.
Your stone body is resilient. (AC +20)
You are immune to poison.
Your large and strong wings let you fly indefinitely.
You resist negative energy. (rN+)
You are resistant to electric shocks. (rElec)
You can survive without breathing.
You are immune to petrification.
You are immune to rotting.
You are clumsy. (Dex -2)
You are very dopey. (Int -4)
Your magical capacity is very low. (-20% MP)
You do not regenerate when monsters are visible.
Your muscles are strong. (Str +2)
Potions are less effective at restoring your health.
Your spells are a little easier to cast, but a little less powerful.
You expend magic power (3 MP) to strengthen your wands.


Message History

* * * LOW HITPOINT WARNING * * *
Unknown command.
You beat the stone giant like a drum!!!
The stone giant is severely wounded.
You block the iron troll's attack.
The iron troll claws you but does no damage.
You block the iron troll's attack. You block the troll's attack.
The troll barely misses you. You block the troll's attack.
The stone giant hits you but does no damage.
You block the troll's attack. The troll barely misses you.
The troll claws you but does no damage.
You puncture the stone giant!
The stone giant is severely wounded.
The troll bites you but does no damage. You block the troll's attack. x2
The stone giant hits you!
* * * LOW HITPOINT WARNING * * *
The troll barely misses you. The troll claws you but does no damage.
The troll misses you. The iron troll closely misses you.
You block the iron troll's attack. The iron troll claws you!
You die...

#..........................
#..........................
#.............^............
#..........................
#..........................
#..........................
#..........################
#........CT# #.......CT@#
#........T.# #..........#
#..........# #..........#
#..........# #..........#
#..........# #..........#


You could see an iron troll (berserk), a stone giant (berserk), a cyclops
(berserk) and 2 trolls.

Vanquished Creatures
  the Royal Jelly (Slime:5)
  The ghost of Feta the Metallomancer, a legendary FoFi of the Shining One (Tomb:1)
  Mara (Swamp:3)
  9 orbs of fire
  4 ancient liches
  2 greater mummies (Tomb:1)
  A shard shrike (Depths:5)
  Saint Roka (Crypt:3)
  Margery (Crypt:3)
  5 Killer Klowns
  A caustic shrike (Depths:4)
  16 golden dragons
  2 bone dragons
  A shard shrike zombie (Crypt:3)
  6 electric golems
  14 liches
  21 tentacled monstrosities
  9 quicksilver dragons
  25 Orb Guardians (Zot:5)
  2 deep elf blademasters (Elf:3)
  26 acid blobs
  8 titans
  4 tentacled starspawn (Abyss:3)
  9 sphinxes
  Gastronok (D:8)
  13 death cobs
  4 ancient champions
  Donald (Swamp:3)
  Frances (Lair:3)
  Agnes (Lair:3)
  A thorn hunter (Swamp:2)
  17 shadow dragons
  22 storm dragons
  11 draconian monks
  7 tengu reavers
  15 fire giants
  15 azure jellies
  5 revenants
  The ghost of Pawles22 the Eclecticist, an adept SpEn of Gozag (Elf:1)
  Louise (Swamp:3)
  9 ghost moths
  5 frost giants
  An iron dragon (shapeshifter) (Depths:4)
  6 deep elf sorcerers
  2 iron dragons
  8 draconian scorchers
  13 ghouls
  An orc warlord (Depths:3)
  A cacodemon (Depths:1)
  22 vault wardens
  5 draconian stormcallers
  5 draconian knights
  7 emperor scorpions
  21 ironheart preservers
  3 draconian shifters
  6 draconian annihilators
  A balrug (Depths:1)
  2 spriggan defenders
  6 deep elf elementalists
  13 very ugly things
  2 war gargoyles
  2 curse skulls (Crypt:3)
  A juggernaut skeleton (Depths:5)
  8 vampire knights
  4 entropy weavers
  17 stone giants
  14 green draconians
  Nessos (Lair:4)
  An entropy weaver (shapeshifter) (Vaults:5)
  10 deep elf demonologists
  15 red draconians
  11 yellow draconians
  12 black draconians
  14 white draconians
  11 purple draconians
  9 deep elf annihilators
  A spectral titan (Crypt:3)
  4 spark wasps
  6 eidola
  Snorg (D:14)
  9 deep elf death magi
  12 mummy priests (Tomb:1)
  12 death oozes
  16 ettins
  A crystal guardian (Vaults:4)
  8 jiangshi
  12 yaktaur captains
  13 fire dragons
  A minotaur (Lab)
  12 ice dragons
  6 deep elf high priests
  26 vault guards
  7 rakshasas
  8 great orbs of eyes
  A monstrous demonspawn (Depths:1)
  6 spriggan air magi
  18 hydras
  2 ghost crabs (Swamp:4)
  6 centaur warriors
  2 spectral stone giants (Crypt:3)
  Erica (D:10)
  10 death knights
  8 alligators
  A two-headed ogre (shapeshifter) (Vaults:2)
  A hell beast (Depths:3)
  9 ogre magi
  6 death yaks
  33 two-headed ogres
  32 dancing weapons
  15 deep troll shamans
  A spectral fire giant (Crypt:3)
  19 deep troll earth magi
  A tengu warrior (D:13)
  A thrashing horror (Abyss:3)
  4 hell hogs (Abyss:3)
  7 spriggan berserkers
  4 orc high priests (Orc:2)
  11 vampire magi
  Urug (D:15)
  27 deep elf knights
  5 spriggans
  13 iron trolls
  6 soul eaters
  A salamander mystic (Depths:4)
  A storm dragon zombie (Depths:2)
  26 hell knights
  A sixfirhy (Abyss:3)
  41 deep trolls
  A glowing orange brain (shapeshifter) (Vaults:3)
  A ghost moth zombie (Crypt:3)
  A storm dragon skeleton (Vaults:2)
  A spriggan druid (Swamp:2)
  18 shadow wraiths
  3 unseen horrors
  2 entropy weaver zombies
  34 skeletal warriors
  12 flayed ghosts
  5 glowing orange brains
  A sea snake (shapeshifter) (Depths:1)
  3 spectral hydras (Swamp:4)
  An unseen horror (shapeshifter) (Vaults:5)
  A swamp dragon (shapeshifter) (Vaults:1)
  8 wizards
  A golden dragon zombie (Depths:2)
  A golden dragon skeleton (Crypt:2)
  9 starcursed masses (Abyss:3)
  25 deep elf archers
  35 phantasmal warriors
  11 necromancers
  15 ironbrand convokers
  24 orc knights
  A lindwurm (D:13)
  6 swamp dragons
  2 shambling mangroves (Swamp:3)
  2 shadow dragon skeletons
  6 harpies
  8 mana vipers (Depths:3)
  2 tengu skeletons
  63 ugly things
  A mana viper (shapeshifter) (Depths:4)
  76 deep elf magi
  An oklob plant (Lair:4)
  2 elephants (shapeshifter)
  An iron dragon zombie (Crypt:1)
  22 orb spiders
  A manticore (D:11)
  40 wolf spiders
  3 orc sorcerers
  A wolf spider (shapeshifter) (Depths:5)
  11 cyclopes
  2 moths of wrath (shapeshifter)
  6 shining eyes
  4 elephants (Lair:4)
  A salamander (Depths:4)
  27 moths of wrath
  10 vault sentinels
  A guardian serpent (shapeshifter) (Vaults:4)
  An iron dragon skeleton (Crypt:2)
  2 fire giant skeletons
  A sphinx skeleton (Vaults:2)
  A frost giant skeleton (Depths:2)
  An ice statue (IceCv)
  A rust devil (Depths:1)
  A spiny frog (shapeshifter) (D:13)
  2 black mambas (shapeshifter)
  A water nymph (shapeshifter) (Zot:3)
  9 black mambas
  2 smoke demons
  An elf skeleton (Depths:2)
  2 torpor snails
  3 eyes of devastation (Slime:3)
  Psyche (D:8)
  A gargoyle (D:11)
  34 spiny frogs
  A rime drake (Lair:2)
  7 kobold demonologists
  An elephant slug zombie (Crypt:3)
  A dire elephant skeleton (Crypt:2)
  2 yaktaurs (shapeshifter)
  44 yaktaurs
  2 swamp worm zombies (Swamp:4)
  7 komodo dragons
  3 efreet
  5 guardian mummies (Tomb:1)
  A komodo dragon (shapeshifter) (D:14)
  A pale draconian skeleton (Crypt:1)
  25 freezing wraiths
  3 hydra zombies (Swamp:4)
  A red devil (Depths:3)
  An ancient zyme (Abyss:3)
  19 demonic crawlers
  34 jumping spiders
  2 ice devils (Depths:3)
  A sea snake skeleton (Crypt:2)
  7 tyrant leeches
  A merfolk (D:10)
  4 meliai (shapeshifter)
  A polar bear (shapeshifter) (Vaults:3)
  4 tengu conjurers (Vaults:2)
  13 trolls
  A tyrant leech (shapeshifter) (Depths:2)
  2 polar bears
  A wolf spider simulacrum (Crypt:1)
  21 hornets
  A blink frog (shapeshifter) (Elf:1)
  Grinder (D:3)
  24 blink frogs
  A slime creature (shapeshifter) (Elf:2)
  3 large abominations (Abyss:3)
  123 slime creatures
  8 bog bodies
  A human simulacrum (Vaults:2)
  3 alligator zombies (Swamp:4)
  A meliai zombie (D:14)
  9 hippogriffs
  A black mamba zombie (Crypt:1)
  A vampire (D:14)
  An ettin zombie (Vaults:2)
  18 flying skulls
  An alligator skeleton (Crypt:2)
  73 redbacks
  3 ynoxinuls (Abyss:3)
  4 wyverns
  13 air elementals
  14 wraiths
  65 yaks
  5 shadows (Crypt:3)
  4 fire elementals
  2 ushabtiu (Tomb:1)
  3 basilisks
  3 water elementals
  41 tarantellas
  2 neqoxecs (Abyss:3)
  3 fire bats (Depths:4)
  A fire bat (shapeshifter) (D:14)
  2 golden eyes (shapeshifter)
  A death yak simulacrum (IceCv)
  16 golden eyes
  7 hungry ghosts
  2 chaos spawn
  35 vampire mosquitoes
  Edmund (D:5)
  11 wargs
  A gelid demonspawn zombie (Crypt:3)
  2 acid dragons
  19 insubstantial wisps
  An infernal demonspawn zombie (Crypt:3)
  A soldier ant (shapeshifter) (Depths:2)
  17 swamp worms
  2 hydra simulacra (Zot:1)
  8 porcupines
  20 water moccasins
  A floating eye (Slime:3)
  An orb spider zombie (Crypt:1)
  A water moccasin (shapeshifter) (Depths:4)
  A spiny frog zombie (Crypt:2)
  39 orc warriors
  A necrophage (D:8)
  7 swamp drakes
  9 ice beasts
  6 eyes of draining
  2 alligator simulacra (IceCv)
  10 phantoms
  8 sky beasts
  33 ogres
  4 swamp dragon zombies (Swamp:4)
  A black bear (Tomb:1)
  28 wolves
  14 boggarts
  6 centaurs
  A manticore skeleton (Tomb:1)
  A torpor snail zombie (Crypt:2)
  A blink frog skeleton (Crypt:3)
  8 crocodiles
  8 big kobolds
  2 earth elementals
  22 bullfrogs
  A wyvern zombie (D:14)
  A gnoll sergeant (D:8)
  A deep troll simulacrum (Vaults:2)
  A water moccasin zombie (Crypt:1)
  2 wyvern skeletons
  A scorpion (D:13)
  An elf simulacrum (Vaults:3)
  12 killer bees
  An elephant simulacrum (IceCv)
  14 wights
  A swamp dragon simulacrum (Crypt:1)
  The ghost of letownia3 the Conjurer, a weakling DsWz (D:4)
  8 howler monkeys
  8 electric eels
  6 crimson imps
  6 centaur zombies
  6 hounds
  2 quasits
  2 bullfrog zombies
  A draconian simulacrum (IceCv)
  3 jellies
  6 centaur skeletons
  30 orc priests
  2 iron imps (Depths:1)
  2 bullfrog skeletons
  2 iguanas (D:9)
  Ijyb (D:5)
  9 worker ants
  3 spectral swamp drakes (Swamp:4)
  20 orc wizards
  5 troll simulacra (IceCv)
  A spriggan simulacrum (IceCv)
  A lightning spire (Zot:4)
  A killer bee zombie (D:7)
  2 centaur simulacra (IceCv)
  A big kobold skeleton (Crypt:2)
  A felid skeleton (Crypt:2)
  A hound zombie (D:7)
  A hound skeleton (D:5)
  17 mummies
  Robin (D:3)
  A howler monkey zombie (D:8)
  2 worker ant zombies
  8 gnolls (D:8)
  A howler monkey skeleton (Crypt:3)
  8 naga simulacra (IceCv)
  14 adders
  3 ogre simulacra (IceCv)
  4 river rats
  2 swamp drake zombies (Swamp:4)
  4 shadow imps
  12 white imps
  8 oozes
  An adder skeleton (D:6)
  2 worms
  2 dart slugs (D:1)
  3 leopard geckos
  105 orcs
  3 ball pythons (Sewer)
  4 bats
  A bat zombie (Crypt:2)
  7 giant cockroaches
  14 goblins
  A hobgoblin (shapeshifter) (Vaults:2)
  8 hobgoblins
  20 jackals
  39 kobolds
  5 quokkas
  9 frilled lizards
  A hobgoblin zombie (Ossuary)
  2 jackal skeletons
  A jackal zombie (D:7)
  3 kobold zombies (Ossuary)
  4 orc zombies (Ossuary)
  3 rats
  A rat zombie (Crypt:1)
  A briar patch (Swamp:2)
  4 crawling corpses
  A fire vortex (Depths:1)
  A lurking horror (Abyss:3)
  3 starspawn tentacles (Abyss:3)
  A withered plant (Crypt:3)
3121 creatures vanquished.

Vanquished Creatures (collateral kills)
  An emperor scorpion (Spider:2)
  An ice dragon (Depths:4)
  A great orb of eyes (Vaults:4)
  A death knight (D:13)
  A deep elf knight (Elf:1)
  A skeletal warrior (D:12)
  A deep elf archer (Vaults:4)
  2 vault sentinels (Vaults:4)
  A freezing wraith (Vaults:4)
  2 red devils (Depths:1)
  A jumping spider (Spider:2)
  A redback (Spider:2)
  A tarantella (Spider:2)
  A crimson imp (Depths:1)
16 creatures vanquished.

Vanquished Creatures (others)
  An ancient lich (Depths:3)
  2 deep elf master archers (Elf:3)
  A draconian knight (Zot:2)
  3 stone giants
  A red draconian (Depths:5)
  A mummy priest (Tomb:1)
  3 yaktaur captains
  A spriggan air mage (Depths:3)
  2 centaur warriors
  A hell knight (Crypt:3)
  Sonja (D:15)
  A deep elf knight (Vaults:5)
  3 deep trolls (Depths:5)
  6 deep elf archers
  A necromancer (Crypt:3)
  2 salamanders (Depths:4)
  A centaur skeleton (D:14)
  10 yaktaurs
  A jumping spider (Spider:3)
  2 water elementals (Depths:5)
  A phantom (Swamp:4)
  2 boggarts
  A shadow imp (Depths:2)
  A white imp (IceCv)
  An orc (Orc:1)
  A fire vortex (Depths:1)
  13 fungi
  A lurking horror (Abyss:3)
  61 plants
  9 starspawn tentacles (Abyss:3)
135 creatures vanquished.

Grand Total: 3272 creatures vanquished

Notes
Turn   | Place    | Note
-------+----------+-------------------------------------------
     0 | D:1      | theElss the Gargoyle Berserker began the quest for the Orb.
     0 | D:1      | Reached XP level 1. HP: 14/14 MP: 1/1
   131 | D:1      | Reached XP level 2. HP: 19/19 MP: 2/2
   398 | D:1      | Reached XP level 3. HP: 21/23 MP: 3/3
   649 | D:1      | Found a shattered altar of Ashenzari.
   993 | D:2      | Reached ** piety under Trog
  1100 | D:2      | Reached XP level 4. HP: 29/29 MP: 4/4
  1277 | D:2      | Found a faded altar of an unknown god.
  1278 | D:2      | Noticed a water elemental
  1350 | D:2      | Found a stormy altar of Qazlal.
  1352 | D:2      | Noticed an earth elemental
  1353 | D:2      | Noticed a fire elemental
  1353 | D:2      | Noticed an air elemental
  1638 | D:2      | Found a faded altar of an unknown god.
  1638 | D:2      | Found a hazy altar of Hepliaklqana.
  1643 | D:2      | Found an opulent altar of Gozag.
  1645 | D:2      | Found a snail-covered altar of Cheibriados.
  1646 | D:2      | Found a shattered altar of Ashenzari.
  1812 | D:3      | Noticed Grinder
  1816 | D:3      | Paralysed by Grinder for 3 turns
  2000 | D:3      | Found a glowing golden altar of the Shining One.
  2073 | D:3      | Killed Grinder
  2073 | D:3      | Reached skill level 5 in Maces & Flails
  2073 | D:3      | Reached XP level 5. HP: 27/34 MP: 5/5
  2073 | D:3      | Reached XP level 6. HP: 30/39 MP: 6/6
  2391 | D:3      | Found a burning altar of Makhleb.
  2660 | D:3      | Found a radiant altar of Vehumet.
  2924 | D:3      | Noticed Robin
  2930 | D:3      | Killed Robin
  3016 | D:4      | Found a sand-covered staircase.
  3021 | Ossuary  | Entered an ossuary
  3091 | Ossuary  | Reached *** piety under Trog
  3342 | Ossuary  | Reached XP level 7. HP: 44/44 MP: 7/7
  3562 | D:4      | Noticed letownia3's ghost (weakling DsWz)
  3589 | D:4      | Killed letownia3's ghost
  3748 | D:4      | Found Zellil's Gadget Shop.
  4030 | D:4      | Found an ornate altar of the Wu Jian Council.
  4201 | D:5      | Entered Level 5 of the Dungeon
  4378 | D:5      | Got a vibrating marble ring
  4433 | D:5      | Noticed Edmund
  4439 | D:5      | Reached skill level 5 in Fighting
  4448 | D:5      | Killed Edmund
  4448 | D:5      | Reached XP level 8. HP: 49/49 MP: 8/8
  4531 | D:5      | Found a shadowy altar of Dithmenos.
  4532 | D:5      | Found a bloodstained altar of Trog.
  4537 | D:5      | Found a basalt altar of Yredelemnul.
  4576 | D:5      | Found a glowing drain.
  4617 | Sewer    | Entered a sewer
  4670 | Sewer    | Reached **** piety under Trog
  5132 | D:5      | Noticed Ijyb
  5183 | D:5      | Killed Ijyb
  6242 | D:6      | Found a shadowy altar of Dithmenos.
  6400 | D:6      | Reached skill level 5 in Armour
  6417 | D:6      | Reached skill level 5 in Shields
  6417 | D:6      | Reached XP level 9. HP: 44/55 MP: 9/9
  6735 | D:6      | Identified the ring of Zaok {+Blink +Inv rF+ Str+8 Dex-4} (You found it on level 5 of the Dungeon)
  6912 | D:7      | Reached ***** piety under Trog
  6946 | D:7      | Found a staircase to the Ecumenical Temple.
  7039 | D:7      | Received a gift from Trog
  7539 | D:8      | Found a staircase to the Lair.
  7605 | D:8      | Noticed Psyche
  7643 | D:8      | Killed Psyche
  7709 | D:8      | Found a transporter.
  7755 | D:8      | Found a transporter.
  7926 | D:8      | Received a gift from Trog
  7941 | D:8      | Reached XP level 10. HP: 39/61 MP: 10/10
  8101 | D:8      | Noticed Gastronok
  8125 | D:8      | Killed Gastronok
  8125 | D:8      | Reached skill level 10 in Maces & Flails
  9553 | D:10     | Entered Level 10 of the Dungeon
  9704 | D:10     | Found a staircase to the Orcish Mines.
  9706 | D:10     | Noticed a two-headed ogre
  9719 | D:10     | Killed a two-headed ogre
  9719 | D:10     | Reached XP level 11. HP: 69/69 MP: 11/11
 10229 | D:10     | Noticed a centaur warrior
 10259 | D:10     | Killed a centaur warrior
 10755 | D:10     | Noticed Erica
 10770 | D:10     | Killed Erica
 10913 | D:10     | Received a gift from Trog
 10921 | D:10     | Got a scorched shortbow {god gift}
 10973 | D:10     | Identified the +9 shortbow "Leowuec" {venom, rN+ MR- Str+8} (Trog gifted it to you on level 10 of the Dungeon)
 11619 | D:11     | Noticed a two-headed ogre
 11637 | D:11     | Killed a two-headed ogre
 11715 | D:11     | Noticed a white ugly thing
 11727 | D:11     | Killed a white ugly thing
 11727 | D:11     | Reached XP level 12. HP: 76/76 MP: 12/12
 11794 | D:11     | Reached skill level 1 in Crossbows
 11794 | D:11     | Reached skill level 1 in Evocations
 12168 | D:12     | Found a glowing golden altar of the Shining One.
 12671 | D:12     | Received a gift from Trog
 12822 | D:12     | Reached skill level 10 in Fighting
 13239 | D:13     | Noticed a death knight
 13505 | D:13     | Killed a death knight
 13944 | Lair:1   | Entered Level 1 of the Lair of Beasts
 14046 | Lair:1   | Noticed a four-headed hydra
 14080 | Lair:1   | Killed a four-headed hydra
 14372 | Lair:1   | Reached XP level 13. HP: 71/83 MP: 15/15
 14819 | Lair:2   | Found a labyrinth entrance.
 15113 | Lab      | Entered a labyrinth
 15232 | Lab      | Noticed a minotaur
 15244 | Lab      | Killed a minotaur
 15246 | Lab      | Got an ancient bronze amulet
 15255 | Lab      | Got a scorched tin ring
 15256 | Lab      | Got an iridescent halberd
 15352 | Lair:2   | Received a gift from Trog
 15450 | Lair:2   | Got a brightly glowing hand axe
 15521 | Lair:2   | Reached skill level 10 in Armour
 15568 | Lair:2   | Reached skill level 10 in Shields
 15596 | Lair:2   | Reached skill level 5 in Crossbows
 16078 | Lair:2   | Identified the ring of the Heron {MP+9 Int+6} (You found it in a labyrinth)
 16081 | Lair:2   | Identified the amulet "Himolenu" {Reflect +Inv MR+ MP+9 SH+3} (You took it off a minotaur in a labyrinth)
 16206 | Lair:3   | Found a hole to the Spider Nest.
 16307 | Lair:3   | Found a staircase to the Swamp.
 17072 | Lair:4   | Noticed Nessos
 17083 | Lair:4   | Killed Nessos
 17162 | Lair:4   | Reached skill level 5 in Evocations
 17514 | Lair:4   | Found a frozen archway.
 17523 | IceCv    | Entered an ice cave
 17919 | IceCv    | Gained mutation: Your large and strong wings let you fly indefinitely. [Gargoyle growth]
 17919 | IceCv    | Reached XP level 14. HP: 90/90 MP: 8/17
 18080 | IceCv    | Received a gift from Trog
 18533 | IceCv    | Found an ancient bone altar of Kikubaaqudgha.
 19190 | IceCv    | Received a gift from Trog
 20443 | Lair:4   | Found the +8 whip "Snakebite" {curare, rPois}
 21053 | Lair:6   | Entered Level 6 of the Lair of Beasts
 22134 | Lair:6   | Received a gift from Trog
 22432 | Lair:5   | Reached skill level 15 in Maces & Flails
 22535 | Lair:5   | Reached XP level 15. HP: 88/96 MP: 20/20
 22730 | Lair:6   | Received a gift from Trog
 23120 | Lair:6   | Found a runed door.
 23121 | Lair:6   | Found a viscous altar of Jiyva.
 23123 | Lair:6   | Found a staircase to the Slime Pits.
 23253 | Lair:6   | Received a gift from Trog
 23770 | Orc:1    | Entered Level 1 of the Orcish Mines
 23770 | Orc:1    | Found Wiwnatob's Antique Armour Shop.
 23770 | Orc:1    | Found Odaxanorih's Armour Boutique.
 23778 | D:10     | Paralysed by an orc sorcerer for 4 turns
 23794 | D:10     | Reached ****** piety under Trog
 24048 | Orc:1    | Bought a +0 helmet of see invisible for 184 gold pieces
 24072 | Orc:1    | Bought a glowing shield for 285 gold pieces
 24166 | Orc:1    | Found Qemupp's Assorted Antiques.
 24227 | Orc:2    | Entered Level 2 of the Orcish Mines
 24227 | Orc:2    | Found a staircase to the Elven Halls.
 25558 | Orc:2    | Received a gift from Trog
 26061 | Orc:2    | Found Qovuhost's Assorted Antiques.
 26061 | Orc:2    | Found Tevioroli's Food Shop.
 26061 | Orc:2    | Found Cealom's Weapon Boutique.
 26064 | Orc:2    | Found Eseittik's Assorted Antiques.
 26486 | D:13     | Received a gift from Trog
 26919 | D:13     | Received a gift from Trog
 27418 | D:13     | Found a stormy altar of Qazlal.
 27660 | D:13     | Found a gate to the Vaults.
 27956 | D:14     | Reached XP level 16. HP: 103/103 MP: 22/22
 28332 | D:14     | Noticed Snorg
 28352 | D:14     | Killed Snorg
 28641 | D:15     | Entered Level 15 of the Dungeon
 28985 | D:15     | Found Irhoruaq's Jewellery Boutique.
 28985 | D:15     | Noticed Urug
 28998 | D:15     | Killed Urug
 29103 | D:15     | Received a gift from Trog
 29193 | D:15     | Bought a cursed amulet of inaccuracy for 26 gold pieces
 29193 | D:15     | Bought the ring of Askuwooz {MR+ Str+3 Dex+5} for 781 gold pieces
 29370 | D:15     | Received a gift from Trog
 29796 | D:15     | Found a staircase to the Depths.
 30126 | D:15     | Noticed Sonja
 30132 | D:15     | Killed Sonja
 30393 | Swamp:1  | Entered Level 1 of the Swamp
 31449 | Swamp:2  | Reached skill level 10 in Crossbows
 31708 | Swamp:2  | Received a gift from Trog
 31775 | Swamp:2  | Noticed a thorn hunter
 31788 | Swamp:2  | Killed a thorn hunter
 31802 | Swamp:2  | Reached XP level 17. HP: 65/109 MP: 23/23
 32469 | Swamp:3  | Noticed Donald
 32483 | Swamp:3  | Killed Donald
 32688 | Swamp:3  | Noticed Louise
 32704 | Swamp:3  | Noticed Mara
 32709 | Swamp:3  | Killed Louise
 32804 | Spider:1 | Entered Level 1 of the Spider Nest
 32808 | Spider:1 | Noticed Agnes
 32822 | Lair:3   | Killed Agnes
 32822 | Lair:3   | Received a gift from Trog
 33100 | Spider:1 | Reached skill level 15 in Shields
 33272 | Spider:1 | Noticed Frances
 33581 | Lair:3   | Killed Frances
 34211 | Spider:2 | Reached skill level 10 in Evocations
 34551 | Spider:2 | Received a gift from Trog
 34849 | Spider:2 | Received a gift from Trog
 34966 | Spider:2 | Identified a scroll of acquirement
 35601 | Spider:3 | Reached XP level 18. HP: 115/118 MP: 25/25
 35654 | Spider:3 | Received a gift from Trog
 35750 | Spider:3 | Reached skill level 15 in Fighting
 36137 | Spider:4 | Entered Level 4 of the Spider Nest
 36685 | Spider:4 | Received a gift from Trog
 36960 | Spider:4 | Received a gift from Trog
 37136 | Spider:4 | Received a gift from Trog
 37476 | Spider:4 | Reached skill level 5 in Dodging
 38182 | Spider:4 | Got a gossamer rune of Zot
 38526 | Vaults:1 | Entered Level 1 of the Vaults
 38546 | Vaults:1 | Received a gift from Trog
 38790 | Vaults:1 | Reached XP level 19. HP: 33/127 MP: 27/27
 39207 | Vaults:1 | Reached skill level 15 in Armour
 39672 | Vaults:1 | Received a gift from Trog
 40123 | Vaults:1 | Found a portal to a secret trove of treasure.
 40405 | Vaults:2 | Received a gift from Trog
 40464 | Vaults:2 | Got a smoking ivory ring
 40473 | Vaults:2 | Got a scorched great mace {god gift}
 40480 | Vaults:2 | Identified the +2 great mace "Gaskue" {protect, *Drain +Blink rF+} (Trog gifted it to you on level 2 of the Vaults)
 41329 | Vaults:1 | Identified the ring "Duicae" {+Fly rElec MP-9 Dex+6} (You found it on level 2 of the Vaults)
 41485 | Vaults:2 | Received a gift from Trog
 41875 | Vaults:2 | Reached XP level 20. HP: 114/136 MP: 29/29
 41909 | Vaults:2 | Received a gift from Trog
 42511 | Vaults:2 | Got a shimmering hat
 42522 | Vaults:2 | Identified the cursed +0 hat of Untold Secrets {+Fly rElec Str-3} (You found it on level 2 of the Vaults)
 42541 | Vaults:2 | Found a radiant altar of Vehumet.
 42563 | Vaults:2 | Received a gift from Trog
 42584 | Vaults:2 | Got a steaming hat
 42595 | Vaults:2 | Identified the +1 hat "Gusiol" {rElec Int+3} (You found it on level 2 of the Vaults)
 44804 | Vaults:3 | Received a gift from Trog
 45073 | Vaults:3 | Got an ancient marble ring
 45244 | Vaults:3 | Found a staircase to the Crypt.
 45896 | Vaults:3 | Received a gift from Trog
 46462 | Vaults:4 | Reached XP level 21. HP: 123/145 MP: 30/30
 46536 | Vaults:4 | HP: 8/217 [deep elf sorcerer/damnation[an ironheart preserver] (42)]
 47628 | Vaults:4 | Received a gift from Trog
 48242 | Vaults:4 | Found Ryhoab's Antique Armour Emporium.
 48701 | Vaults:4 | Received a gift from Trog
 48729 | Vaults:4 | Identified the ring "Vonwunon" {rF+ rN++ MR++ Stlth+} (You found it on level 3 of the Vaults)
 49537 | Elf:1    | Entered Level 1 of the Elven Halls
 49675 | Elf:1    | Noticed Pawles22's ghost (adept SpEn)
 49717 | Elf:1    | Killed Pawles22's ghost
 50159 | Elf:1    | Found Biadd's Food Emporium.
 50795 | Elf:2    | Received a gift from Trog
 50903 | Elf:2    | Found a runed gate.
 50903 | Elf:2    | Found a runed gate.
 50903 | Elf:2    | Found a runed gate.
 51228 | Elf:2    | Reached XP level 22. HP: 153/153 MP: 31/31
 52148 | Elf:2    | Received a gift from Trog
 52619 | Elf:3    | Entered Level 3 of the Elven Halls
 52619 | Elf:3    | Found an ancient bone altar of Kikubaaqudgha.
 53186 | Elf:3    | Received a gift from Trog
 53780 | Elf:3    | Got a coiled bronze amulet
 53823 | Elf:3    | Received a gift from Trog
 53833 | Elf:3    | Got a shimmering bronze amulet
 54492 | Elf:3    | Got a shimmering plate armour
 54545 | Elf:3    | Identified the +5 plate armour of Moisamuto {rN+ Str+2 Int+3} (You took it off a deep elf high priest on level 3 of the Elven Halls)
 54969 | Elf:3    | Gained mutation: Your muscles are strong. (Str +2) [a cacodemon]
 54980 | Elf:3    | Gained mutation: You are frail. (-10% HP) [a cacodemon]
 55419 | Elf:3    | Got a pair of slimy boots
 55516 | Elf:3    | Identified the amulet of Xom's Castigation {RegenMP rElec rC- Str+7 Dex-2} (You took it off a deep elf demonologist on level 3 of the Elven Halls)
 55518 | Elf:3    | Identified the amulet "Irroerr" {Reflect MR+ SH+3 Stlth+} (You took it off a deep elf death mage on level 3 of the Elven Halls)
 55540 | Elf:3    | Identified the cursed +0 pair of boots "Sajuzieh" {rC+ rN+} (You found it on level 3 of the Elven Halls)
 56065 | Swamp:3  | Killed Mara
 56065 | Swamp:3  | Received a gift from Trog
 56570 | Swamp:4  | Entered Level 4 of the Swamp
 56599 | Swamp:4  | Reached XP level 23. HP: 127/144 MP: 32/32
 57154 | Swamp:4  | Received a gift from Trog
 57620 | Swamp:4  | Got a decaying rune of Zot
 58195 | Crypt:1  | Entered Level 1 of the Crypt
 58429 | Crypt:1  | Found a basalt altar of Yredelemnul.
 58817 | Crypt:1  | Received a gift from Trog
 59209 | Crypt:1  | Received a gift from Trog
 60411 | Crypt:3  | Entered Level 3 of the Crypt
 60569 | Crypt:3  | Found a staircase to the Tomb.
 60673 | Crypt:3  | Noticed Margery
 60695 | Crypt:3  | Killed Margery
 60718 | Crypt:3  | Received a gift from Trog
 60817 | Crypt:3  | Reached XP level 24. HP: 149/149 MP: 32/32
 61296 | Crypt:3  | Found an ancient bone altar of Kikubaaqudgha.
 61707 | Crypt:3  | Received a gift from Trog
 61744 | Crypt:3  | Noticed Saint Roka
 61791 | Crypt:3  | Killed Saint Roka
 62239 | Crypt:3  | Noticed Jory
 62257 | Crypt:3  | Cast into level 3 of the Abyss (Jory)
 62452 | Abyss:3  | Paralysed by accursed screaming for 1 turns
 62831 | Crypt:3  | Escaped the Abyss
 62846 | Crypt:3  | Received a gift from Trog
 63009 | Crypt:3  | Found the +5 scythe "Finisher" {speed, Str+3}
 63509 | Depths:1 | Entered Level 1 of the Depths
 64312 | Depths:1 | Found Zoutit's Magic Scroll Emporium.
 64344 | Depths:1 | Found a gateway to Hell.
 64458 | Depths:1 | Received a gift from Trog
 64739 | Depths:1 | Found a glowing golden altar of the Shining One.
 65275 | Depths:1 | Received a gift from Trog
 65277 | Depths:1 | Reached XP level 25. HP: 32/153 MP: 32/32
 65711 | Depths:2 | Gained mutation: Your spells are a little easier to cast, but a little less powerful. [a cacodemon]
 65742 | Depths:2 | Found a one-way gate leading to the halls of Pandemonium.
 65802 | Depths:2 | Received a gift from Trog
 65956 | Depths:2 | Found a gateway to a ziggurat.
 67429 | Depths:2 | Received a gift from Trog
 67650 | Depths:2 | Received a gift from Trog
 69530 | Depths:3 | Found a one-way gate to the infinite horrors of the Abyss.
 69620 | Depths:3 | Received a gift from Trog
 69695 | Depths:3 | Found Jyumyqadgh's Antique Weapon Shoppe.
 70522 | Depths:3 | Reached XP level 26. HP: 158/159 MP: 32/32
 70760 | Depths:3 | Received a gift from Trog
 71158 | Depths:3 | Found a runed door.
 71160 | Depths:3 | Noticed an ancient lich
 71208 | Depths:3 | Found a runed door.
 71213 | Depths:3 | Noticed an ancient lich
 71232 | Depths:3 | Killed an ancient lich
 71239 | Depths:3 | Got a scorched steel ring
 71242 | Depths:3 | Identified the ring "Xuajuqes" {*Drain rElec MR- AC+1 Dex+8} (You found it on level 3 of the Depths)
 71302 | Depths:3 | Killed an ancient lich
 71573 | Depths:3 | Received a gift from Trog
 72453 | Depths:4 | Found a gateway to a bazaar.
 72468 | Bazaar   | Entered a bazaar
 72468 | Bazaar   | Found Ziqo's Book Shop.
 72474 | Bazaar   | Found Ohouwamn's Gadget Shop.
 72491 | Bazaar   | Found Unorof's General Store.
 72493 | Bazaar   | Found Noofei's Armour Shop.
 72524 | Bazaar   | Bought a +1 pair of gloves of archery for 198 gold pieces
 72524 | Bazaar   | Bought a +2 plate armour of magic resistance for 480 gold pieces
 72542 | Bazaar   | Bought a lamp of fire for 680 gold pieces
 72802 | Depths:4 | Received a gift from Trog
 72855 | Depths:4 | Noticed a juggernaut
 72855 | Depths:4 | a caustic shrike changed into a juggernaut
 72857 | Depths:4 | Noticed a shard shrike
 72857 | Depths:4 | a juggernaut changed into a shard shrike
 72858 | Depths:4 | a shard shrike changed into a titan
 72861 | Depths:4 | Noticed a juggernaut
 72861 | Depths:4 | a titan changed into a juggernaut
 72868 | Depths:4 | a juggernaut changed into an iron dragon
 73257 | Depths:5 | Entered Level 5 of the Depths
 73619 | Depths:5 | Found a flickering gateway to a bazaar.
 73633 | Bazaar   | Entered a bazaar
 73638 | Bazaar   | Found Jesuut's Gadget Shop.
 73652 | Bazaar   | Found Soprilac's Antique Armour Shop.
 73856 | Depths:5 | Reached XP level 27. HP: 131/163 MP: 32/32
 74083 | Depths:5 | Received a gift from Trog
 74264 | Depths:5 | Found a gate to the Realm of Zot.
 74632 | Depths:5 | Reached skill level 27 in Shields
 74643 | Depths:5 | Noticed an ancient lich
 74648 | Depths:5 | Killed an ancient lich
 74670 | Depths:5 | Paralysed by fainting for 5 turns
 74711 | Depths:5 | Received a gift from Trog
 74785 | Depths:5 | Identified Naxo's Reference Book on Black Secrets
 76108 | Vaults:1 | You paid a toll of +2 gold dragon scales to enter a treasure trove
 76109 | Trove    | Entered a treasure trove
 76124 | Trove    | Got a coiled steel ring
 76132 | Trove    | Got a clouded zirconium amulet
 76134 | Trove    | Got a vibrating steel ring
 76187 | Vaults:1 | Identified the ring of Levity {Ice Stlth+} (You found it in a treasure trove)
 76189 | Vaults:1 | Identified the amulet of Fizutuf {Reflect Str+3 SH+3} (You found it in a treasure trove)
 76191 | Vaults:1 | Identified the ring "Vesak" {rC+ Int+7 Dex-3} (You found it in a treasure trove)
 76417 | Vaults:5 | Entered Level 5 of the Vaults
 77869 | Vaults:4 | Received a gift from Trog
 78974 | Vaults:5 | Got a flickering tin ring
 79178 | Vaults:5 | Got an ancient golden amulet
 79209 | Vaults:5 | Got a crude plate armour
 79385 | Vaults:5 | Identified the Guide on Slavery and Attacks
 79448 | Vaults:5 | Got a silver rune of Zot
 79651 | Vaults:5 | Got twisted gold dragon scales
 79733 | Vaults:5 | Identified the +8 gold dragon scales of Jaxussicw {rPois rF+ rC+ rCorr Int+5 Slay+3} (You took it off a deep elf high priest on level 5 of the Vaults)
 79745 | Vaults:5 | Identified the +4 plate armour of Creativity {rN++ Int-4} (You found it on level 5 of the Vaults)
 79757 | Vaults:5 | Identified the cursed ring of Zomeir {rElec rPois rF- MR- Dex-2} (You found it on level 5 of the Vaults)
 79764 | Vaults:5 | Identified the amulet of Komupac {Inacc Fragile +Fly rElec rF+++} (You found it on level 5 of the Vaults)
 80502 | Zot:1    | Entered Level 1 of the Realm of Zot
 80778 | Zot:1    | Received a gift from Trog
 80886 | Zot:1    | Noticed an orb of fire
 80901 | Zot:1    | Killed an orb of fire
 81883 | Zot:1    | Received a gift from Trog
 83792 | Zot:2    | Received a gift from Trog
 84052 | Zot:2    | Reached skill level 15 in Evocations
 86233 | Zot:3    | Received a gift from Trog
 86395 | Zot:4    | Got a pair of blackened boots
 86406 | Zot:4    | Identified the +1 pair of boots "Puxt" {rF+} (You found it on level 4 of the Realm of Zot)
 87215 | Zot:4    | Got a slimy morningstar
 87216 | Zot:4    | Identified the +1 morningstar of Ravage {flame, rC+ Int+2} (You acquired it on level 4 of the Realm of Zot)
 87355 | Zot:4    | Noticed an orb of fire
 87369 | Zot:4    | Killed an orb of fire
 88253 | Zot:5    | Entered Level 5 of the Realm of Zot
 88412 | Zot:5    | Received a gift from Trog
 89040 | Zot:5    | Noticed an orb of fire
 89050 | Zot:5    | Gained mutation: You possess an exceptional clarity of mind. [an orb of fire]
 89053 | Zot:5    | Killed an orb of fire
 89120 | Zot:5    | Noticed an orb of fire
 89137 | Zot:5    | Killed an orb of fire
 89196 | Zot:5    | Noticed an orb of fire
 89197 | Zot:5    | Gained mutation: You are dopey. (Int -2) [an orb of fire]
 89199 | Zot:5    | Gained mutation: You expend magic power (3 MP) to strengthen your wands. [an orb of fire]
 89201 | Zot:5    | Noticed an ancient lich
 89202 | Zot:5    | Gained mutation: Your magical capacity is low. (-10% MP) [an orb of fire]
 89208 | Zot:5    | Gained mutation: You are very dopey. (Int -4) [an orb of fire]
 89211 | Zot:5    | Killed an orb of fire
 89215 | Zot:5    | Killed an ancient lich
 89228 | Zot:5    | Noticed an ancient lich
 89273 | Zot:5    | Killed an ancient lich
 89725 | Zot:5    | Noticed an orb of fire
 89734 | Zot:5    | Killed an orb of fire
 89754 | Zot:5    | Noticed an orb of fire
 89774 | Zot:5    | Killed an orb of fire
 89842 | Zot:5    | Noticed an orb of fire
 89856 | Zot:5    | Killed an orb of fire
 90388 | Zot:5    | Noticed an orb of fire
 90392 | Zot:5    | Gained mutation: Potions are less effective at restoring your health. [an orb of fire]
 90393 | Zot:5    | Lost mutation: You expend magic power (3 MP) to strengthen your wands. [an orb of fire]
 90401 | Zot:5    | Killed an orb of fire
 90977 | Slime:1  | Entered Level 1 of the Pits of Slime
 90978 | Slime:1  | Received a gift from Trog
 91052 | Slime:1  | Lost mutation: You possess an exceptional clarity of mind. [a shining eye]
 91055 | Slime:1  | Gained mutation: Your magical capacity is very low. (-20% MP) [a shining eye]
 91057 | Slime:1  | Gained mutation: You expend magic power (3 MP) to strengthen your wands. [a shining eye]
 91152 | Slime:1  | Gained mutation: You do not regenerate when monsters are visible. [a shining eye]
 92349 | Slime:2  | Received a gift from Trog
 92914 | Slime:4  | Lost mutation: You are frail. (-10% HP) [a shining eye]
 92926 | Slime:4  | Received a gift from Trog
 93082 | Slime:4  | Paralysed by a floating eye for 3 turns
 93581 | Slime:5  | Entered Level 5 of the Pits of Slime
 93583 | Slime:5  | Gained mutation: You are clumsy. (Dex -2) [a shining eye]
 94757 | Slime:5  | Noticed the Royal Jelly
 94778 | Slime:5  | Killed the Royal Jelly
 95297 | Slime:5  | Got a slimy rune of Zot
 95330 | Slime:5  | Identified Riytos's Collected Works on Sinister Rites and Boosts
 95450 | Slime:5  | Got a smoking lead ring
 95451 | Slime:5  | Identified the ring of Xeruest {*Tele rC- Int+9} (You found it on level 5 of the Pits of Slime)
 95878 | Temple   | Entered the Ecumenical Temple
 96161 | D:3      | Fell from the grace of Trog
 96161 | D:3      | Became a worshipper of the Shining One
 96796 | Tomb:1   | Entered Level 1 of the Tomb of the Ancients
 96813 | Tomb:1   | Noticed Feta's ghost (legendary FoFi)
 96833 | Tomb:1   | Killed Feta's ghost
 97207 | Tomb:1   | Reached * piety under the Shining One
 97398 | Tomb:1   | Noticed a greater mummy
 97431 | Tomb:1   | Killed a greater mummy
 97444 | Tomb:1   | Reached skill level 27 in Fighting
 97471 | Tomb:1   | Reached ** piety under the Shining One
 98079 | Tomb:1   | Noticed a greater mummy
 98090 | Tomb:1   | Killed a greater mummy
 98336 | Tomb:1   | Reached *** piety under the Shining One
 98550 | Tomb:1   | Slain by an iron troll

Skill      XL: |  1  2  3  4  5  6  7  8  9 10 11 12 13 14 15 16 17 18 19 20 21 22 23 24 25 26 27 |
---------------+----------------------------------------------------------------------------------+-----
Maces & Flails | 5 6 8 9 11 12 13 14 15 16 17 18 19 21 26 | 26.9
Fighting       | 4 5 6 8 9 10 11 12 13 14 16 18 19 20 21 27 | 27.0
Armour         | 3 4 5 6 8 9 10 11 12 13 14 16 17 21 | 21.1
Dodging        | 2 3 4 5 6 |  6.4
Shields        | 2 3 5 6 7 9 10 11 12 14 15 16 18 22 24 25 26 27 | 27.0
Crossbows      | 4 5 7 8 10 | 10.0
Evocations     | 3 5 6 8 9 10 11 12 13 18 | 18.0

Action                   |  1- 3 |  4- 6 |  7- 9 | 10-12 | 13-15 | 16-18 | 19-21 | 22-24 | 25-27 || total
-------------------------+-------+-------+-------+-------+-------+-------+-------+-------+-------++-------
Melee: Mace              |   111 |   194 |   728 |  1099 |   256 |       |       |       |       ||  2388
       Morningstar       |       |       |       |       |   655 |       |       |       |    28 ||   683
       Whip              |       |       |       |       |  1389 |  2590 |  2823 |   367 |       ||  7169
       Eveningstar       |       |       |       |       |       |       |       |  2475 |  5146 ||  7621
       Demon whip        |       |       |       |       |       |       |       |    15 |       ||    15
 Fire: Hand crossbow     |       |       |       |       |     1 |    63 |     4 |     3 |    13 ||    84
Invok: Berserk           |       |     3 |     4 |    16 |     6 |    10 |     4 |     4 |    20 ||    67
       Brothers in Arms  |       |       |       |     2 |       |     2 |     2 |     1 |     3 ||    10
       Trog's Hand       |       |       |       |       |     1 |     4 |     2 |     4 |     6 ||    17
 Abil: Evoke Blink       |       |       |       |       |     1 |     1 |       |       |       ||     2
       Fly               |       |       |       |       |       |     1 |       |       |     1 ||     2
       Stop Flying       |       |       |       |       |       |       |       |       |     1 ||     1
Evoke: Sack of spiders   |       |       |       |       |       |       |       |     1 |       ||     1
       Lamp of fire      |       |       |       |       |       |       |       |       |     1 ||     1
  Use: Scroll            |       |       |    12 |     2 |    12 |     7 |     5 |     5 |    16 ||    59
       Potion            |       |       |       |       |       |       |     2 |     1 |     3 ||     6
 Stab: Held in net/web   |       |       |       |       |       |     7 |       |       |       ||     7
       Distracted        |       |       |       |       |       |       |     1 |       |       ||     1
  Eat: Chunk             |     1 |     5 |    18 |    25 |    37 |    31 |    41 |    18 |    83 ||   259
       Ration            |       |     2 |       |     4 |     5 |     5 |     2 |    10 |    17 ||    45
Armor: Animal skin       |    25 |       |       |       |       |       |       |       |       ||    25
       Chain mail        |    31 |   111 |   335 |       |       |       |       |       |       ||   477
       Plate armour      |       |       |    18 |   439 |   811 |  1050 |   586 |   937 |  1026 ||  4867
       Gold dragon scale |       |       |       |       |       |       |       |       |  1334 ||  1334
Dodge: Dodged            |    59 |    80 |   259 |   445 |   921 |   699 |   424 |   503 |  1094 ||  4484
       Deflected         |       |       |       |       |       |       |       |       |    19 ||    19
Block: Shield            |    21 |       |       |       |   420 |  2208 |  1414 |  2274 |  1712 ||  8049
       Buckler           |       |    33 |   148 |   177 |   542 |       |       |       |       ||   900
       Reflection        |       |       |       |       |    11 |    31 |   119 |    72 |   171 ||   404
       Large shield      |       |       |       |       |    49 |       |       |       |  4230 ||  4279
